 Dungeon Crawl Stone Soup version 0.31-a0-473-g61b50ae490 (webtiles) character file.

Game seed: 3394172748322968977

57 PyroL the Grave Robber (level 3, -3/24 HPs)
             Began as a Demonspawn Necromancer on Aug 6, 2023.
             Slain by an orc
             ... wielding a +0 short sword
              (5 damage)
             ... on level 3 of the Dungeon.
             The game lasted 00:03:14 (2138 turns).

PyroL the Grave Robber (Demonspawn Necromancer)     Turns: 2138, Time: 00:03:15

Health: -3/24      AC:  2    Str:  8    XL:     3   Next: 73%
Magic:  6/6        EV: 12    Int: 18    God:
Gold:   46         SH:  0    Dex: 13    Spells: 5/6 levels left

rFire   . . .        c - +0 hand axe (venom)
rCold   . . .        (no shield)
rNeg    . . .        a - +0 robe
rPois   .            (helmet restricted)
rElec   .            (no cloak)
rCorr   .            (no gloves)
SInv    .            (no boots)
Will    .....        j - amulet of magic regeneration
Stlth   ++           (no ring)
HPRegen 0.24/turn    (no ring)
MPRegen 0.50/turn

%: no passive effects
@: no status effects
A: antennae 1
a: no special abilities


You were on level 3 of the Dungeon.
You visited 1 branch of the dungeon, and saw 3 of its levels.

You collected 46 gold pieces.

Inventory:

Hand Weapons
 c - a +0 hand axe of venom (weapon)
 h - a +0 dagger
Armour
 a - a +0 robe (worn)
Jewellery
 j - an amulet of magic regeneration (around neck)
Scrolls
 g - a scroll of enchant weapon {unknown}
 i - a scroll of fog {unknown}
 k - a scroll of amnesia {unknown}
Potions
 b - a potion of magic
 f - a potion of curing {unknown}
 l - a potion of mutation {unknown}


   Skills:
 - Level 1.7 Dodging
 - Level 1.7 Stealth
 - Level 2.0 Spellcasting
 + Level 5.5 Necromancy
 + Level 1.4 Earth Magic


You had 5 spell levels left.
You knew the following spells:

 Your Spells              Type           Power      Damage    Failure   Level
a - Necrotise             Necr           84%        1d8       1%          1

Your spell library contained the following spells:

 Spells                   Type           Power      Damage    Failure   Level
 Vampiric Draining        Necr           21%        2d7       5%          3
 Sandblast                Erth           14%        2d6       10%         1
 Animate Dead             Necr           21%        N/A       19%         4
 Passwall                 Tmut/Erth      3%         N/A       21%         2
 Stone Arrow              Conj/Erth      8%         3d7       38%         3
 Agony                    Necr           21%        N/A       45%         5


Dungeon Overview and Level Annotations

Branches:
Dungeon (3/15)

Altars:


Innate Abilities, Weirdness & Mutations

You have a pair of small antennae on your head.


Message History

c - a +0 hand axe of venom (weapon)
You now have 46 gold pieces (gained 13). 3 orcs come into view.
The orc shouts!
The orc barely resists.
The orc shouts!
An orc comes into view. It is wielding a +0 club.
The orc shouts!
The orc shouts!
The orc writhes in agony.
The orc writhes in agony.
An orc comes into view. It is wielding a +0 hand axe.
The orc writhes in agony.
You kill the orc!
The dead are walking!
The orc hits your orc skeleton with a +0 trident!
Your orc skeleton is destroyed!
The orc barely resists.
The orc writhes in agony.
The orc closely misses you. The orc hits you with a +0 trident.
You barely miss the orc.
The orc is severely wounded.
The orc hits you with a +0 trident.
You closely miss the orc.
The orc is severely wounded.
The orc barely misses you. The orc hits you with a +0 trident!
* * * LOW HITPOINT WARNING * * *
You hit the orc but do no damage.
The orc is poisoned.
The orc is severely wounded.
You kill the orc!
You hit the orc.
The orc is poisoned.
The orc is moderately wounded.
The orc hits you with a +0 short sword.
* * * LOW HITPOINT WARNING * * *
The orc attacks as you move away! The orc hits you with a +0 short sword.
* * * LOW HITPOINT WARNING * * *
The orc attacks as you move away! The orc hits you with a +0 short sword.
* * * LOW HITPOINT WARNING * * *
The orc attacks as you move away! The orc hits you with a +0 short sword.
You die...

#.. .#.# l..
.#.# ....
.#.# .....
.#o#
.....###.#.#
....<....#o#
.........#.#
########.##o#
#.........@.#
#.#####.#####
#.# #....#
#.# ######
#.# #.# #.#
#.# #.#


You could see 3 orcs.

Vanquished Creatures
  An adder (D:2)
  A worm (D:2)
  2 orcs (D:3)
  3 bats
  4 endoplasms
  4 giant cockroaches
  5 goblins
  2 hobgoblins
  2 quokkas (D:1)
  3 ball pythons
  2 frilled lizards (D:1)
  2 kobolds
  5 rats
36 creatures vanquished.

Vanquished Creatures (collateral kills)
  2 endoplasms
  A rat (D:1)
3 creatures vanquished.

Grand Total: 39 creatures vanquished

Notes
Turn   | Place    | Note
-------+----------+-------------------------------------------
     0 | D:1      | PyroL the Demonspawn Necromancer began the quest for the
                  | Orb.
     0 | D:1      | Reached XP level 1. HP: 13/13 MP: 3/3
   287 | D:1      | Gained mutation: You have a pair of small antennae on your
                  | head. [demonic ancestry]
   287 | D:1      | Reached XP level 2. HP: 19/19 MP: 1/5
   435 | D:1      | Reached skill level 5 in Necromancy
  1056 | D:1      | Found a faded altar of an unknown god.
  1247 | D:2      | Reached skill level 1 in Earth Magic
  1247 | D:2      | Reached XP level 3. HP: 12/24 MP: 0/6
  2138 | D:3      | Slain by an orc

Illustrated notes

Levels and vault maps discovered:
D:1:      nicolae_arrival_somewhat_less_tricky_arrival, layout_basic,
          shapermc_ecumenical_altar_mp_urbaneastern
D:2:      layout_loops_cross
D:3:      layout_basic, marbit_many_paths, hellmonk_ghost_happy_afterlife

Skill      XL: |  1  2 |
---------------+-------+-----
Necromancy     | 5 |  5.5
Earth Magic    | 1 |  1.4
Dodging        | |  1.7
Stealth        | |  1.7
Spellcasting   | |  2.0

Action                     || total
---------------------------++-------
  Melee: Unarmed           ||    10
         Hand axe          ||     4
   Cast: Necrotise         ||    71
    Use: Scroll            ||     3
 Armour: Robe              ||     1
  Dodge: Dodged            ||     7

Table legend: (Time is in decaauts)
 A = Elapsed time spent in this place.
 B = Non-inter-level travel time spent in this place.
 C = Inter-level travel time spent in this place.
 D = Time resting spent in this place.
 E = Time spent auto-exploring this place.
 F = Levels seen in this place.
 G = Mean time per level.
                   A        B        C        D        E       F      G
               +--------+--------+--------+--------+--------+-----+--------+
         Total |   2138 |   2064 |     74 |     56 |   1745 |   3 |  712.7 |
       Dungeon |   2138 |   2064 |     74 |     56 |   1745 |   3 |  712.7 |
               +--------+--------+--------+--------+--------+-----+--------+

Top non-repeatable levels by time:
     D:1: 1126 daAuts
     D:2: 893 daAuts
     D:3: 118 daAuts
